 Dungeon Crawl Stone Soup version 0.30-a0-159-g068b764562 (webtiles) character file.

Game seed: 15556646347600935959

673 Flugkiller the Conjurer (level 7, -6/69 (71) HPs)
             Began as an Ogre Reaver on Sept 27, 2022.
             Mangled by a black bear (8 damage)
             ... on level 6 of the Dungeon.
             The game lasted 00:04:09 (5773 turns).

Flugkiller the Conjurer (Ogre Reaver)               Turns: 5773, Time: 00:04:10

HP:   -6/69 (71)    AC:  3    Str: 23    XL:     7   Next: 59%
MP:   9/14          EV:  9    Int: 16    God:
Gold: 228           SH:  0    Dex:  7    Spells: 10/16 levels left

rFire   . . .      SeeInvis .    v - +1 spear (freeze)
rCold   . . .      Faith    .    (no shield)
rNeg    . . .      Spirit   .    b - +0 robe
rPois   .          Reflect  .    (helmet restricted)
rElec   .          Harm     .    (no cloak)
rCorr   .          Rampage  .    (gloves unavailable)
Will    .....                    (boots unavailable)
Stlth   +.........               e - amulet of the acrobat
HPRegen 0.21/turn                j - +4 ring of slaying
MPRegen 0.14/turn                s - +6 ring of strength

@: earthbound, very slightly contaminated, lightly drained
A: large, unfitting armour, tough skin 1
a: no special abilities


You were on level 6 of the Dungeon.
You visited 1 branch of the dungeon, and saw 6 of its levels.

You collected 305 gold pieces.
You spent 77 gold pieces at shops.

Inventory:

Hand Weapons
 a - a +0 mace
 f - a +0 trident
   (You found it on level 1 of the Dungeon)
 v - a +1 spear of freezing (weapon)
   (You found it on level 3 of the Dungeon)
 B - the +7 battleaxe of Earthquakes {vorpal, rC+ Str+3 Dex+3}
   (You found it on level 5 of the Dungeon)

   It inflicts extra damage upon your enemies.
   Str:       It affects your strength (+3).
   Dex:       It affects your dexterity (+3).
   rC:        It protects you from cold.
Missiles
 u - 2 throwing nets
Armour
 b - a +0 robe (worn)
 l - +0 gold dragon scales
   (You found it on level 2 of the Dungeon)
Jewellery
 e - an amulet of the acrobat (around neck)
   (You found it on level 1 of the Dungeon)
 j - a +4 ring of slaying (left hand)
   (You found it on level 1 of the Dungeon)
 o - an amulet of guardian spirit
   (You found it on level 2 of the Dungeon)
 p - a +4 ring of protection
   (You found it on level 5 of the Dungeon)
 s - a +6 ring of strength (right hand)
   (You found it on level 3 of the Dungeon)
Wands
 q - a wand of flame (3)
   (You found it on level 3 of the Dungeon)
 z - a wand of paralysis (8)
   (You found it on level 5 of the Dungeon)
Scrolls
 c - a scroll of torment
 g - a scroll of acquirement {unknown}
 h - a scroll of butterflies
 i - 2 scrolls of enchant armour
 r - a scroll of identify
 t - 3 scrolls of teleportation
 C - a scroll of poison {unknown}
Potions
 d - 2 potions of ambrosia
 k - a potion of berserk rage {unknown}
 m - 2 potions of attraction {unknown}
 n - a potion of magic
 w - 2 potions of heal wounds
 x - 2 potions of flight {unknown}
 y - a potion of mutation
 A - a potion of curing {unknown}


   Skills:
 - Level 4.3 Fighting
 - Level 2.6 Maces & Flails
 - Level 1.7 Dodging
 - Level 5.0 Spellcasting
 - Level 6.0 Conjurations
 + Level 1.3 Fire Magic
 + Level 0.9 Ice Magic
 + Level 0.9 Earth Magic


You had 10 spell levels left.
You knew the following spells:

 Your Spells              Type           Power      Damage    Failure   Level
a - Kiss of Death         Conj/Necr      52%        2d9       4%          1
b - Volcanic Tap          Conj/Fire/Erth 24%        3d9       8%          2
c - Hailstorm             Conj/Ice       15%        3d5       11%         3

Your spell library contained the following spells:

 Spells                   Type           Power      Damage    Failure   Level
 Cigotuvi's Dreadful Rot  Necr/Pois/Air  8%         N/A       22%         2
 Airstrike                Air            2%         2d(1-17)  83%         4
 Alistair's Intoxication  Tmut/Pois      2%         N/A       99%         5


Dungeon Overview and Level Annotations

Branches:
Dungeon (6/15) Zot: 26724  Temple (0/1) D:5

Altars:
Sif Muna
Zin

Shops:
D:3 ?:[(


Innate Abilities, Weirdness & Mutations

You are too large for most types of armour.
You have tough skin. (AC +1)


Message History

You start resting.
HP restored.
You climb downwards.
The orc hits you with a +0 dagger.
There is a stone staircase leading up here.
Casting: Volcanic Tap (safe; 8% risk of failure)
Confirm with . or Enter, or press ? or * to list all spells.
Aiming: Volcanic Tap (safe; 8% risk of failure)
Press: ? - help, Dir - move target, f - orc
Aim: an orc, wielding a +0 dagger (71% to hit)
You miscast Volcanic Tap.
You are very lightly contaminated with residual magic.
Nothing appears to happen.
The orc hits you with a +0 dagger.
You barely miss the orc. The orc hits you but does no damage.
You hit the orc. You freeze the orc.
You kill the orc!
Things that are here:
a +0 dagger; an orc corpse No target in view!
You start resting.
HP restored.
There is a stone staircase leading up here.
Your magical contamination has completely faded away.
Magic restored.
Found 3 stones.
Found a stone staircase leading down.
A black bear is nearby!
A black bear is nearby!
The black bear growls angrily.
Found a stone staircase leading down.
Casting: Volcanic Tap (safe; 8% risk of failure)
Confirm with . or Enter, or press ? or * to list all spells.
Aiming: Volcanic Tap (safe; 8% risk of failure)
Press: ? - help, Dir - move target, f - black bear
Aim: a black bear (79% to hit)
The spray of magma hits the black bear!
You are fixed to the earth.
The black bear bites you. The black bear claws you. x2
You barely miss the black bear.
The black bear is heavily wounded.
The black bear bites you. The black bear claws you.
The black bear claws you but does no damage.
You barely miss the black bear.
The black bear is heavily wounded.
The black bear bites you. The black bear claws you.
The black bear barely misses you.
The black bear bites you but does no damage.
The black bear claws you. The black bear misses you.
You barely miss the black bear.
The black bear is heavily wounded.
The black bear bites you! The black bear closely misses you.
The black bear claws you but does no damage.
You hit the black bear. You freeze the black bear.
The black bear is severely wounded.
The black bear goes berserk!
You closely miss the black bear.
The black bear is severely wounded.
The black bear bites you. The black bear closely misses you.
The black bear completely misses you.
Casting: Volcanic Tap (safe; 8% risk of failure)
Confirm with . or Enter, or press ? or * to list all spells.
You are already bound to the earth.
Unknown command.
Casting: Volcanic Tap (safe; 8% risk of failure)
Confirm with . or Enter, or press ? or * to list all spells.
You are already bound to the earth.
Casting: Volcanic Tap (safe; 8% risk of failure)
Confirm with . or Enter, or press ? or * to list all spells.
Aiming: Kiss of Death (safe; 4% risk of failure)
Press: ? - help, Shift-Dir - straight line, f/p - black bear
Aim: a black bear (severely wounded, berserk, 100% to hit)
You miscast Kiss of Death.
You are very lightly contaminated with residual magic.
Nothing appears to happen.
You are no longer bound to the earth.
The black bear bites you! The black bear barely misses you.
The black bear claws you.
* * * LOW HITPOINT WARNING * * *
The black bear closely misses you. The black bear claws you.
* * * LOW HITPOINT WARNING * * *
The black bear claws you.
* * * LOW HITPOINT WARNING * * *
Casting: Kiss of Death (safe; 4% risk of failure)
Confirm with . or Enter, or press ? or * to list all spells.
Aiming: Kiss of Death (safe; 4% risk of failure)
Press: ? - help, Shift-Dir - straight line, f/p - black bear
Aim: a black bear (severely wounded, berserk, 100% to hit)
You miscast Kiss of Death.
Nothing appears to happen.
The black bear barely misses you. The black bear claws you.
* * * LOW HITPOINT WARNING * * *
The black bear claws you.
* * * LOW HITPOINT WARNING * * *
Okay, then.
Okay, then.
Casting: Kiss of Death (safe; 4% risk of failure)
Confirm with . or Enter, or press ? or * to list all spells.
Aiming: Volcanic Tap (safe; 8% risk of failure)
Press: ? - help, Dir - move target, f/p - black bear
Aim: a black bear (severely wounded, berserk, 79% to hit)
The spray of magma misses the black bear.
You are fixed to the earth.
The black bear bites you!
You die...

#.......... ..
#.................#.
.##.>...............#.
.....................
............# .... #
...........# #....
#.##..........###....
##...h....>..# #.....
##....@......####.....#
#...............#..##..
###.##..^...(.......##.
# ##.....#..###.....
####.###..#......
##...#..........
#....#.......###
##......#....#
###.........#


You could see a black bear (berserk).

Vanquished Creatures
  A hornet (D:5)
  A water moccasin (D:5)
  A necrophage (D:5)
  A scorpion (D:4)
  A hound (D:4)
  A jelly (D:4)
  An orc priest (D:5)
  An iguana (D:5)
  2 orc wizards (D:5)
  An adder (D:5)
  A worm (D:3)
  10 orcs
  4 ball pythons
  2 bats
  4 endoplasms
  2 giant cockroaches
  3 goblins (D:3)
  9 hobgoblins
  2 quokkas
  A frilled lizard (D:1)
  3 kobolds
  5 rats
57 creatures vanquished.

Vanquished Creatures (others)
  A scorpion (D:5)
  An iguana (D:5)
2 creatures vanquished.

Grand Total: 59 creatures vanquished

Notes
Turn   | Place    | Note
-------+----------+-------------------------------------------
     0 | D:1      | Flugkiller the Ogre Reaver began the quest for the Orb.
     0 | D:1      | Reached XP level 1. HP: 22/22 MP: 3/3
   110 | D:1      | Found a faded altar of an unknown god.
   440 | D:1      | Reached XP level 2. HP: 29/29 MP: 5/5
   524 | D:1      | Reached skill level 3 in Conjurations
  1661 | D:3      | Found Rixt's Magic Scroll Shoppe.
  1709 | D:3      | Got the Octavo of the Feathery Stinger
  1732 | D:3      | Bought a scroll of identify for 22 gold pieces
  1732 | D:3      | Bought a scroll of identify for 22 gold pieces
  1732 | D:3      | Bought a scroll of teleportation for 33 gold pieces
  1750 | D:3      | Identified the +1 ring mail of Lust {+Blink rElec Stlth+}
  1807 | D:3      | Reached XP level 3. HP: 35/37 MP: 7/7
  2439 | D:3      | Found Mulun's Weapon Shoppe.
  2460 | D:3      | Found Pimpim's Antique Armour Boutique.
  2782 | D:3      | Found a glowing silver altar of Zin.
  2948 | D:3      | Found Pataptac's Book Boutique.
  3102 | D:4      | Reached XP level 4. HP: 40/48 MP: 8/8
  3170 | D:4      | Noticed a scorpion
  3175 | D:4      | Killed a scorpion
  3176 | D:4      | Reached skill level 4 in Conjurations
  3176 | D:4      | Reached XP level 5. HP: 45/54 MP: 8/10
  3471 | D:4      | Learned a level 2 spell: Volcanic Tap
  3475 | D:4      | Learned a level 3 spell: Hailstorm
  3961 | D:5      | Entered Level 5 of the Dungeon
  3997 | D:5      | Found a staircase to the Ecumenical Temple.
  4056 | D:5      | Reached XP level 6. HP: 56/63 MP: 11/11
  4154 | D:5      | Noticed a water moccasin
  4164 | D:5      | Killed a water moccasin
  4165 | D:5      | Reached skill level 5 in Conjurations
  4434 | D:5      | Found a shimmering blue altar of Sif Muna.
  4925 | D:5      | Noticed a hornet
  4938 | D:5      | Killed a hornet
  4939 | D:5      | Reached skill level 5 in Spellcasting
  4939 | D:5      | Reached XP level 7. HP: 71/71 MP: 12/14
  4991 | D:5      | Identified the +7 battleaxe of Earthquakes {vorpal, rC+
                  | Str+3 Dex+3}
  5326 | D:5      | Reached skill level 6 in Conjurations
  5326 | D:5      | Reached skill level 1 in Fire Magic
  5772 | D:6      | HP: 2/69 [black bear (5)]
  5773 | D:6      | Mangled by a black bear

Illustrated notes

Levels and vault maps discovered:
D:1:      eino_arrival_water_cross, layout_basic,
          shapermc_ecumenical_altar_acropolis
D:2:      layout_basic, serial_bayou_lake_a
D:3:      layout_loops_cross, zin_statuary, serial_shops, shop_statue,
          nicolae_shop_bloodbath_and_beyond, shop, shop_scrolls,
          guppyfry_early_orc_mine
D:4:      layout_basic
D:5:      layout_cave_pods, kennysheep_little_box,
          minmay_temple_entry_statues_fountains
D:6:      layout_cave_pools, hangedman_abyss_or_decor_stabs

Skill      XL: |  1  2  3  4  5  6  7 |
---------------+----------------------+-----
Fighting       | 3 4 |  4.3
Conjurations   | 3 4 5 6 |  6.0
Spellcasting   | 3 5 |  5.0
Fire Magic     | 1 |  1.3
Maces & Flails | |  2.6
Dodging        | |  1.7
Ice Magic      | |  0.9
Earth Magic    | |  0.9

Action                   |  1- 3 |  4- 6 |  7- 9 || total
-------------------------+-------+-------+-------++-------
Melee: Mace              |    18 |       |       ||    18
       Trident           |    74 |       |       ||    74
       Spear             |     5 |    61 |    28 ||    94
       Punch             |       |     1 |       ||     1
 Cast: Volcanic Tap      |       |     2 |     4 ||     6
       Kiss of Death     |       |     1 |       ||     1
Evoke: Wand              |       |     2 |       ||     2
  Use: Scroll            |     9 |       |       ||     9
       Potion            |       |     1 |       ||     1
 Stab: Paralysed         |       |     7 |       ||     7
Armor: Robe              |    21 |     4 |     7 ||    32
Dodge: Dodged            |    47 |    16 |    20 ||    83

Table legend: (Time is in decaauts)
 A = Elapsed time spent in this place.
 B = Non-inter-level travel time spent in this place.
 C = Inter-level travel time spent in this place.
 D = Time resting spent in this place.
 E = Time spent auto-exploring this place.
 F = Levels seen in this place.
 G = Mean time per level.
                   A        B        C        D        E       F      G
               +--------+--------+--------+--------+--------+-----+--------+
         Total |   5834 |   5570 |    264 |   1413 |   3508 |   6 |  972.3 |
       Dungeon |   5834 |   5570 |    264 |   1413 |   3508 |   6 |  972.3 |
               +--------+--------+--------+--------+--------+-----+--------+

Top non-repeatable levels by time:
     D:5: 1728 daAuts
     D:3: 1220 daAuts
     D:2: 995 daAuts
     D:4: 901 daAuts
     D:1: 897 daAuts
     D:6: 91 daAuts
